 Dungeon Crawl Stone Soup version 0.30-a0-6-g7c9e10e132 (webtiles) character file.

Game seed: 3189573982374097607

32 themarg the Shooter (level 3, 0/28 HPs)
             Began as a Gnoll Wanderer on Aug 22, 2022.
             Was an Initiate of Yredelemnul.
             Slain by a gnoll
             ... wielding a +0 flail
              (10 damage)
             ... on level 2 of the Dungeon.
             The game lasted 00:04:37 (1861 turns).

themarg the Shooter (Gnoll Wanderer)                Turns: 1861, Time: 00:04:38

Health: 0/28       AC:  3    Str: 11    XL:     3   Next: 27%
Magic:  7/7        EV: 12    Int: 11    God:    Yredelemnul [......]
Gold:   107        SH:  0    Dex: 13    Spells: 6/7 levels left

rFire   . . .      SeeInvis .    c - +0 dagger
rCold   . . .      Faith    .    (no shield)
rNeg    . . .      Spirit   .    e - +0 robe
rPois   .          Reflect  .    i - +0 helmet
rElec   .          Harm     .    (no cloak)
rCorr   .          Rampage  .    (no gloves)
Will    .....                    (no boots)
Stlth   +.........               (no amulet)
HPRegen 0.09/turn                (no ring)
MPRegen 0.10/turn                (no ring)

@: no status effects
A: fangs 1, strong nose, distributed training
a: Renounce Religion, Recall Undead Harvest


You were on level 2 of the Dungeon.
You worshipped Yredelemnul.
Yredelemnul was noncommittal.
You visited 1 branch of the dungeon, and saw 2 of its levels.

You collected 107 gold pieces.

Inventory:

Hand Weapons
 a - a +2 sling
 c - a +0 dagger (weapon)
Missiles
 b - 14 poisoned darts (quivered)
Armour
 e - a +0 robe (worn)
 i - a +0 helmet (worn)
Scrolls
 g - 2 scrolls of immolation {unknown}
 l - 2 scrolls of fear {unknown}
 m - a scroll of identify {unknown}
 n - a scroll of enchant armour {unknown}
 o - a scroll of teleportation {unknown}
Potions
 d - 3 potions of curing
 f - 3 potions of attraction {unknown}
 h - 2 potions of cancellation {unknown}
 j - a potion of ambrosia {unknown}
 k - a potion of might {unknown}
 p - a potion of mutation {unknown}


   Skills:
 + Level 2.6 Fighting
 + Level 0.7 Short Blades
 + Level 0.7 Long Blades
 + Level 0.7 Axes
 + Level 0.7 Maces & Flails
 + Level 0.7 Polearms
 + Level 0.7 Staves
 + Level 6.5 Ranged Weapons
 + Level 4.5 Throwing
 + Level 2.6 Armour
 + Level 2.6 Dodging
 + Level 0.7 Stealth
 + Level 0.7 Shields
 + Level 0.7 Unarmed Combat
 + Level 2.8 Spellcasting
 + Level 0.5 Conjurations
 + Level 0.5 Hexes
 + Level 0.5 Summonings
 + Level 0.5 Necromancy
 + Level 0.5 Translocations
 + Level 0.5 Transmutations
 + Level 2.1 Fire Magic
 + Level 0.5 Ice Magic
 + Level 0.5 Air Magic
 + Level 0.5 Earth Magic
 + Level 0.5 Poison Magic
 + Level 0.9 Invocations
 + Level 0.7 Evocations


You had 6 spell levels left.
You knew the following spells:

 Your Spells              Type           Power      Damage    Failure   Level
a - Foxfire               Conj/Fire      16%        2x1d4     16%         1

Your spell library contained the following spells:

 Spells                   Type           Power      Damage    Failure   Level
 Sublimation of Blood     Necr           2%         N/A       32%         2
 Wereblood                Tmut           2%         N/A       32%         2
 Inner Flame              Hex/Fire       4%         N/A       43%         3
 Summon Hydra             Summ           1%         N/A       100%        7


Dungeon Overview and Level Annotations

Branches:
Dungeon (2/15)

Altars:
Yredelemnul


Innate Abilities, Weirdness & Mutations

You have very sharp teeth.
Your uncanny sense of smell can sniff out nearby items.
Your experience applies equally to all skills.


Message History

The ball python constricts your rat zombie.
Your rat zombie bites the ball python.
The ball python dies!
Your rat zombie bites the gnoll.
You swap places.
The gnoll barely misses something.
The gnoll barely misses you.
The endoplasm hits something.
You hit the gnoll but do no damage.
The gnoll is lightly wounded.
The endoplasm hits something.
You hit the gnoll. You bite the gnoll, but do no damage.
The gnoll is moderately wounded.
The gnoll hits you with a +0 flail. The gnoll closely misses you.
You hit the gnoll.
The gnoll is heavily wounded.
Your ball python zombie barely misses the gnoll.
Your ball python zombie grabs the gnoll.
Your ball python zombie constricts the gnoll.
The gnoll hits you with a +0 flail! x2
* * * LOW HITPOINT WARNING * * *
Something barely misses your ball python zombie.
You swap places.
The gnoll is constricted.
The gnoll hits your rat zombie with a +0 flail!
Your rat zombie is destroyed!
The gnoll struggles to escape constriction.
The gnoll is constricted.
The gnoll struggles to escape constriction.
The gnoll is constricted.
The gnoll escapes!
Your ball python zombie bites the endoplasm but does no damage.
Something hits your ball python zombie.
Your ball python zombie is destroyed!
There is a stone staircase leading down here.
There is a stone staircase leading up here.
You climb upwards.
There is a stone staircase leading down here.
You start resting.
HP restored.
You can't go up here!
You climb downwards.
The gnoll hits you with a +0 flail! x3
You die...
Your body rises from the dead as a mindless zombie.

#.....J.[..#
#.......##.#
####.####g##
#.......#.#
#.#####.#.# #.# #.#.#
#.# #.J.# #Z#
#g#.###.#
#.#####@......#
#..^..g.#.#####
####.####.#
#####.....##.#
#............#
#######.##...........
........#.###.#.#####
########.## ##..# #.#
#.##


You could see 2 gnolls and an endoplasm.

Vanquished Creatures
  An adder (D:2)
  A dart slug (D:1)
  2 ball pythons (D:1)
  4 bats
  3 endoplasms
  A goblin (D:1)
  2 hobgoblins (D:1)
  A quokka (D:1)
  A frilled lizard (D:1)
  A kobold (D:1)
  2 rats
19 creatures vanquished.

Vanquished Creatures (collateral kills)
  A ball python (D:2)
1 creature vanquished.

Vanquished Creatures (others)
  A bat zombie (D:2)
  A ball python zombie (D:2)
  A rat zombie (D:2)
3 creatures vanquished.

Grand Total: 23 creatures vanquished

Notes
Turn   | Place    | Note
-------+----------+-------------------------------------------
     0 | D:1      | themarg the Gnoll Wanderer began the quest for the Orb.
     0 | D:1      | themarg set off with the following items: a +2 sling, 11
                  | poisoned darts, a +0 dagger, a potion of curing, a +0 robe;
                  | and the following spell memorised: Foxfire; and the
                  | following spells available to memorise: Inner Flame.
     0 | D:1      | Reached XP level 1. HP: 17/17 MP: 4/4
   333 | D:1      | Reached XP level 2. HP: 7/23 MP: 5/5
  1030 | D:1      | Found a faded altar of an unknown god.
  1036 | D:1      | Prayed at the altar of an unknown god.
  1036 | D:1      | Became a worshipper of Yredelemnul the Dark
  1036 | D:1      | Reached * piety under Yredelemnul
  1368 | D:2      | Reached XP level 3. HP: 21/28 MP: 7/7
  1861 | D:2      | Slain by a gnoll

Illustrated notes

Levels and vault maps discovered:
D:1:      dpeg_arrival_rhombi, layout_loops_ring,
          dreamdust_ecumenical_altar_angels_and_demons
D:2:      layout_loops_ring, minmay_crystal_room, minmay_tetromino_i2

Skill      XL: |  1 |
---------------+----+-----
Fire Magic     | 2 |  2.1
Fighting       | |  2.6
Short Blades   | |  0.7
Long Blades    | |  0.7
Axes           | |  0.7
Maces & Flails | |  0.7
Polearms       | |  0.7
Staves         | |  0.7
Ranged Weapons | |  6.5
Throwing       | |  4.5
Armour         | |  2.6
Dodging        | |  2.6
Stealth        | |  0.7
Shields        | |  0.7
Unarmed Combat | |  0.7
Spellcasting   | |  2.8
Conjurations   | |  0.5
Hexes          | |  0.5
Summonings     | |  0.5
Necromancy     | |  0.5
Translocations | |  0.5
Transmutations | |  0.5
Ice Magic      | |  0.5
Air Magic      | |  0.5
Earth Magic    | |  0.5
Poison Magic   | |  0.5
Invocations    | |  0.9
Evocations     | |  0.7

Action                   || total
-------------------------++-------
Melee: Dagger            ||   109
       Bite              ||    10
       Punch             ||     1
Throw: Dart              ||     7
Armor: Robe              ||    41
Dodge: Dodged            ||    76

Table legend: (Time is in decaauts)
 A = Elapsed time spent in this place.
 B = Non-inter-level travel time spent in this place.
 C = Inter-level travel time spent in this place.
 D = Time resting spent in this place.
 E = Time spent auto-exploring this place.
 F = Levels seen in this place.
 G = Mean time per level.
                   A        B        C        D        E       F      G
               +--------+--------+--------+--------+--------+-----+--------+
         Total |   1858 |   1849 |      9 |    606 |    854 |   2 |  929.0 |
       Dungeon |   1858 |   1849 |      9 |    606 |    854 |   2 |  929.0 |
               +--------+--------+--------+--------+--------+-----+--------+

Top non-repeatable levels by time:
     D:1: 1472 daAuts
     D:2: 385 daAuts
